 Dungeon Crawl Stone Soup version 0.28.0-53-g5a82cb258f (webtiles) character file.

Game seed: 11957744425877246514

14 Zeld the Digger (level 2, 0/15 HPs)
             Began as a Gargoyle Earth Elementalist on June 2, 2022.
             Slain by a kobold
             ... wielding a +0 whip
              (3 damage)
             ... on level 1 of the Dungeon.
             The game lasted 00:01:25 (378 turns).

Zeld the Digger (Gargoyle Earth Elementalist)        Turns: 378, Time: 00:01:25

Health: 0/15       AC:  4    Str: 11    XL:     2   Next: 41%
Magic:  3/5        EV: 11    Int: 15    God:
Gold:   10         SH:  0    Dex: 10    Spells: 4/5 levels left

rFire   . . .      SeeInvis .   (no weapon)
rCold   . . .      Faith    .   (no shield)
rNeg    + . .      Spirit   .   b - +0 robe
rPois   ∞          Reflect  .   (no helmet)
rElec   +          Harm     .   (no cloak)
rCorr   .          Rampage  .   (no gloves)
Will    .....                   (no boots)
Stlth   ++........              (no amulet)
HPRegen 0.05/turn               (no ring)
MPRegen 0.09/turn               (no ring)

@: no status effects
A: sickness immunity, AC +2, negative energy resistance 1, electricity
resistance, torment resistance 1, petrification resistance
a: no special abilities


You were on level 1 of the Dungeon.
You visited 1 branch of the dungeon, and saw 1 of its levels.

You collected 10 gold pieces.

Inventory:

Missiles
 c - 39 stones
 d - 18 bolts
Armour
 b - a +0 robe (worn)
Scrolls
 a - 2 scrolls of noise {unknown}
 e - a scroll of fog {unknown}


   Skills:
 - Level 1.5 Dodging
 - Level 2.1 Stealth
 * Level 2.3 Spellcasting
 + Level 1.0 Transmutations
 * Level 4.0 Earth Magic


You had 4 spell levels left.
You knew the following spells:

 Your Spells              Type           Power      Damage    Failure   Level
a - Sandblast             Erth           26%        2d8       4%          1

Your spell library contained the following spells:

 Spells                   Type           Power      Damage    Failure   Level
 Passwall                 Tmut/Erth      7%         N/A       12%         2
 Animate Skeleton         Necr           2%         N/A       22%         1
 Pain                     Necr           4%         1d4       22%         1
 Stone Arrow              Conj/Erth      14%        3d7       28%         3
 Vampiric Draining        Necr           1%         2d6       54%         3
 Petrify                  Tmut/Erth      9%         N/A       58%         4


Dungeon Overview and Level Annotations

Branches:
Dungeon (1/15)

Altars:


Innate Abilities, Weirdness & Mutations

You are immune to sickness and miasma.
Your stone body is resilient. (AC +2)
You are immune to poison.
You resist negative energy. (rN+)
You are resistant to electric shocks. (rElec)
You are resistant to unholy torment.
You are immune to petrification.


Message History

Unknown command.
Unknown command.
Casting: Sandblast (safe; 4% risk of failure)
Confirm with . or Enter, or press ? or * to list all spells.
You don't have enough magic to cast this spell.
Unknown command.
The jackal bites you but does no damage.
You see here 9 gold pieces.
The jackal bites you. The jackal misses you. The jackal barely misses you.
The jackal closely misses you. The jackal closely misses you.
The jackal closely misses you.
The jackal barks!
The jackal barely misses you.
The jackal bites you but does no damage.
The jackal closely misses you.
Found 4 gold pieces.
The jackal bites you. The jackal closely misses you.
The jackal bites you but does no damage.
A rat comes into view.
Found a glowing red potion.
The jackal bites you but does no damage.
Found 8 gold pieces.
The jackal bites you.
The jackal bites you but does no damage.
The jackal bites you. The jackal bites you. The jackal closely misses you.
You closely miss the jackal. The jackal barely misses you. x2
The jackal closely misses you. The kobold hits you but does no damage.
The jackal completely misses you. The rat bites you but does no damage.
The jackal barely misses you. x2
You closely miss the jackal. The kobold closely misses you.
The jackal misses you. The jackal closely misses you.
The jackal bites you but does no damage.
The rat bites you.
* * * LOW HITPOINT WARNING * * *
The kobold hits you with a +0 whip.
You die...

..$.....#####
######..............#
#....#..............#
#.....!.............#
.#........#..........#
.....................####
#....$..................
........................
###.r@...............†
#...hK.........)......
#...hh................
#...............†..###
###...................
##########+###........
#............#........
#.....................
#.....................


You could see 3 jackals, a kobold and a rat.

Vanquished Creatures
  2 dart slugs (D:1)
  A ball python (D:1)
  A goblin (D:1)
  2 jackals (D:1)
  2 bats (D:1)
  A frilled lizard (D:1)
  A rat (D:1)
10 creatures vanquished.

Notes
Turn   | Place    | Note
-------+----------+-------------------------------------------
     0 | D:1      | Zeld the Gargoyle Earth Elementalist began the quest for
                  | the Orb.
     0 | D:1      | Reached XP level 1. HP: 10/10 MP: 3/3
   242 | D:1      | Reached skill level 1 in Transmutations
   242 | D:1      | Reached XP level 2. HP: 15/15 MP: 1/5
   320 | D:1      | Reached skill level 4 in Earth Magic
   378 | D:1      | Slain by a kobold

Illustrated notes

Levels and vault maps discovered:
D:1:      pf_arrival_petrified_forest, layout_basic, basic_ecumenical_altar

Skill      XL: |  1  2 |
---------------+-------+-----
Transmutations | 1 |  1.0
Earth Magic    | 4 |  4.0
Dodging        | |  1.5
Stealth        | |  2.1
Spellcasting   | |  2.3

Action                   || total
-------------------------++-------
Melee: Unarmed           ||     7
 Cast: Sandblast         ||    13
Armor: Robe              ||    12
Dodge: Dodged            ||    21
